 Dungeon Crawl Stone Soup version 0.30-a0-371-gad7725a93e (webtiles) character file.

Game seed: 842674261665297128

67 mandarbmax the Sneak (level 4, 0/26 HPs)
             Began as a Kobold Brigand on Nov 20, 2022.
             Slain by Terence
             ... wielding a +0 trident
              (1 damage)
             ... on level 3 of the Dungeon.
             The game lasted 00:03:15 (1752 turns).

mandarbmax the Sneak (Kobold Brigand)               Turns: 1752, Time: 00:03:15

Health: 0/26       AC:  5    Str:  7 (8)  XL:     4   Next: 38%
Magic:  4/4        EV: 14    Int:  9 (12) God:
Gold:   89         SH:  4    Dex: 15 (18) Spells: 3/3 levels left

rFire   + . .      SeeInvis .    n - +0 dagger (freeze)
rCold   + . .      Faith    .    g - +0 buckler
rNeg    . . .      Spirit   .    b - +0 robe
rPois   +          Reflect  .    (no helmet)
rElec   +          Harm     .    c - +0 cloak
rCorr   +          Rampage  .    l - +1 pair of gloves
Will    .....                    (no boots)
Stlth   ++++......               (no amulet)
HPRegen 0.24/turn                (no ring)
MPRegen 0.09/turn                (no ring)

@: brilliant, resistant
A: small, no large weapons, nightstalker 3
a: no special abilities


You were on level 3 of the Dungeon.
You visited 1 branch of the dungeon, and saw 3 of its levels.

You collected 89 gold pieces.

Inventory:

Hand Weapons
 n - a +0 dagger of freezing (weapon)
Missiles
 d - 12 poisoned darts (quivered)
 e - 3 curare-tipped darts
Armour
 b - a +0 robe (worn)
 c - a +0 cloak (worn)
 g - a +0 buckler (worn)
 l - a +1 pair of gloves (worn)
Jewellery
 i - a ring of fire
Scrolls
 a - a scroll of fog {unknown}
 j - 2 scrolls of identify {unknown}
 k - a scroll of noise {unknown}
 m - 4 scrolls of teleportation {unknown}
 o - a scroll of blinking {unknown}
Potions
 f - a potion of resistance
 q - a potion of might {unknown}


   Skills:
 - Level 2.1 Fighting
 + Level 4.4 Short Blades
 - Level 2.1 Throwing
 + Level 3.4 Dodging
 - Level 5.3 Stealth


You had 3 spell levels left.
You didn't know any spells.
Your spell library was empty.

Dungeon Overview and Level Annotations

Branches:
Dungeon (3/15)

Altars:

Annotations:
D:3 Terence


Innate Abilities, Weirdness & Mutations

You are small and have problems with some larger weapons.
You are completely attuned to the shadows.


Message History

Terence is moderately wounded.
Terence misses you.
You hit Terence. You freeze Terence.
Terence is moderately wounded.
You hit Terence. You freeze Terence.
Terence is heavily wounded.
Terence hits you with a +0 trident.
You hit Terence but do no damage.
Terence is heavily wounded.
Terence hits you with a +0 trident.
You hit Terence. You freeze Terence.
Terence is severely wounded.
You block Terence's attack.
You hit Terence but do no damage.
Terence is severely wounded.
Terence hits you with a +0 trident.
You hit Terence. You freeze Terence.
Terence is severely wounded.
Terence closely misses you.
You hit Terence but do no damage.
Terence is severely wounded.
Terence hits you with a +0 trident.
* * * LOW HITPOINT WARNING * * *
It was a potion of resistance.
You feel protected. You block Terence's attack.
Okay, then.
Okay, then.
Sorry, you're not good enough to have a special ability.
Unknown command.
Okay, then.
It was a potion of degeneration.
There was something very wrong with that liquid.
You feel weakened.
You feel dopey.
You feel clumsy. Terence hits you with a +0 trident.
* * * LOW HITPOINT WARNING * * *
It was a potion of brilliance.
You feel clever all of a sudden. Terence hits you with a +0 trident.
You die...

.............# #.#.#.#.##
.############# #.#....... .#
#.#.#.#.## .# ###.#...#.# .#
#.....#.#.# .### ####.#.....#.#
...# #........#.#.# ...##
#######.##.#.#.#.#.# .....
...@@...........>..#
)##################.####.#.#.###
.......................).#.#.#
.##################.####.#.#.##
.# #......#.... .# ###....# #.#
. #.#.####.# #.#......#
#.#.####.#


You could see Terence.

Vanquished Creatures
  2 adders (D:2)
  A worm (D:2)
  A dart slug (D:1)
  4 bats
  5 endoplasms
  3 giant cockroaches
  3 goblins
  2 hobgoblins
  2 jackals (D:2)
  3 quokkas
  3 ball pythons
  5 frilled lizards
  7 kobolds
  A rat (D:2)
42 creatures vanquished.

Notes
Turn   | Place    | Note
-------+----------+-------------------------------------------
     0 | D:1      | mandarbmax the Kobold Brigand began the quest for the Orb.
     0 | D:1      | Reached XP level 1. HP: 12/12 MP: 1/1
   146 | D:1      | Reached XP level 2. HP: 17/17 MP: 2/2
   519 | D:1      | Reached XP level 3. HP: 21/21 MP: 3/3
  1023 | D:2      | Reached XP level 4. HP: 26/26 MP: 4/4
  1732 | D:3      | Noticed Terence
  1751 | D:3      | HP: 1/26 [Terence/+0 trident (5)]
  1752 | D:3      | Slain by Terence

Illustrated notes

Levels and vault maps discovered:
D:1:      dpeg_arrival_oval, layout_basic
D:2:      layout_basic
D:3:      layout_basic, nicolae_wu_jian_immortal_techniques, uniq_terence

Skill      XL: |  1  2  3 |
---------------+----------+-----
Short Blades   | 3 4 |  4.4
Dodging        | 2 3 |  3.4
Fighting       | |  2.1
Throwing       | |  2.1
Stealth        | |  5.3

Action                   |  1- 3 |  4- 6 || total
-------------------------+-------+-------++-------
Melee: Dagger            |    71 |    39 ||   110
  Use: Potion            |       |     3 ||     3
 Stab: Sleeping          |    19 |     4 ||    23
Armor: Robe              |    11 |     6 ||    17
Dodge: Dodged            |    25 |    19 ||    44
Block: Buckler           |     7 |     8 ||    15

Table legend: (Time is in decaauts)
 A = Elapsed time spent in this place.
 B = Non-inter-level travel time spent in this place.
 C = Inter-level travel time spent in this place.
 D = Time resting spent in this place.
 E = Time spent auto-exploring this place.
 F = Levels seen in this place.
 G = Mean time per level.
                   A        B        C        D        E       F      G
               +--------+--------+--------+--------+--------+-----+--------+
         Total |   1736 |   1660 |     76 |      0 |   1356 |   3 |  578.7 |
       Dungeon |   1736 |   1660 |     76 |      0 |   1356 |   3 |  578.7 |
               +--------+--------+--------+--------+--------+-----+--------+

Top non-repeatable levels by time:
     D:2: 870 daAuts
     D:1: 685 daAuts
     D:3: 180 daAuts
